 Dungeon Crawl Stone Soup version 0.24-a0-208-g17bec22d17 (webtiles) character file.

Game seed: 15483639319025434033

18 Redear the Charmwright (level 2, -3/13 HPs)
             Began as a Felid Skald on Mar 29, 2019.
             Slain by a gnoll
             ... wielding a +0 halberd
              (10 damage)
             ... on level 3 of the Dungeon.
             The game lasted 00:01:15 (370 turns).

Redear the Charmwright (Felid Skald)                 Turns: 370, Time: 00:01:16

Health: -3/13      AC:  1    Str:  7    XL:     2   Next: 48%
Magic:  3/6        EV: 18    Int: 14    God:
Gold:   24         SH:  0    Dex: 15    Spells: 4/5 levels left
                                        Lives:  0   Deaths: 0

rFire    . . .     SeeInvis +     - Unarmed
rCold    . . .     Gourm    .   (shield unavailable)
rNeg     . . .     Faith    .   (armour unavailable)
rPois    .         Spirit   .   (helmet unavailable)
rElec    .         Reflect  .   (cloak unavailable)
rCorr    .         Harm     .   (gloves unavailable)
MR       .....                  (boots unavailable)
Stlth    ++........             (no amulet)
HPRegen  0.04/turn              (no ring)
MPRegen  0.10/turn              (no ring)

@: infused, very slightly contaminated, quick
A: very small, no armour, no weapons or thrown items, stealth, claws 1, fangs 3,
see invisible, carnivore, speed 1, shaggy fur 1, slow metabolism 1, sharp paws
a: no special abilities


You were on level 3 of the Dungeon.
You were not hungry.

You visited 1 branch of the dungeon, and saw 3 of its levels.

You collected 24 gold pieces.

Inventory:

Scrolls
 c - a scroll of teleportation {unknown}
Potions
 a - a potion of agility {unknown}
Comestibles
 b - 3 rations


   Skills:
 + Level 2.3 Fighting
 + Level 3.5 Dodging
 + Level 1.3 Stealth
 + Level 2.3 Unarmed Combat
 - Level 2.0 Spellcasting
 - Level 3.6 Charms


You had 4 spell levels left.
You knew the following spells:

 Your Spells              Type           Power        Failure   Level  Hunger
a - Infusion              Chrm           ##..         5%          1    ##.....

Your spell library contained the following spells:

 Spells                   Type           Power        Failure   Level  Hunger
 Song of Slaying          Chrm           ##......     9%          2    ###....
 Shroud of Golubria       Chrm/Tloc      #.........   17%         2    ###....
 Regeneration             Chrm/Necr      #.........   34%         3    ####...
 Spectral Weapon          Hex/Chrm       Unusable     N/A         3    N/A

Dungeon Overview and Level Annotations

Branches:
Dungeon (3/15)

Altars:


Innate Abilities, Weirdness & Mutations

You cannot wear armour.
You are incapable of wielding weapons or throwing items.
Your paws allow you to move quietly. (Stealth)
You have sharp claws.
You have razor-sharp teeth.
You have supernaturally acute eyesight. (SInv)
You are carnivorous and can eat meat at any time.
You cover ground quickly.
You are covered in fur. (AC +1)
You have a slow metabolism.
Your sharp claws are effective at attacking unaware monsters.


Message History

The gnoll moves out of view. 2 hobgoblins come into view.
The hobgoblin moves out of view.
Unknown command.
Unknown command.
You miscast Infusion.
You are very lightly contaminated with residual magic.
Multicoloured lights dance before your eyes!
Unknown command.
You begin infusing your attacks with magical energy.
You now have 3/6 mp.
Unknown command.
The gnoll completely misses you.
Unknown command.
Unknown command.
You barely miss the gnoll. The gnoll completely misses you.
You scratch the gnoll. You bite the gnoll, but do no damage.
The gnoll hits you with a +0 halberd!
Ouch! That really hurt!
You die...

...# #.# #(##.#
##.################.####.##.#####
.................................
...................########......
##.###############...............
##.# #.g############# ##.# #..#
#g ##.###############..# ....
................@g..# ......
##.################.# ..... ##.#
#..# ...... ...##### ##.# .... .
.......# .. #####. ..#....# #.#
..#....# .# ..#....# ..#....#


You could see a gnoll.

Levels and vault maps discovered:
D:1:      shiori_arrival_oz, layout_rooms, minmay_domino_2
D:2:      minmay_diamond_boxcup, layout_rooms, uniq_jessica,
          uniq_crazy_yiuf_cottage
D:3:      layout_basic, nicolae_overflow_hidden_temple, first_ration

Notes
Turn   | Place    | Note
-------+----------+-------------------------------------------
     0 | D:1      | Redear the Felid Skald began the quest for the Orb.
     0 | D:1      | Reached XP level 1. HP: 9/9 MP: 4/4
    78 | D:1      | Identified a +0 dagger
    96 | D:1      | You fall through a shaft!
   305 | D:3      | Reached skill level 1 in Stealth
   311 | D:3      | Reached XP level 2. HP: 13/13 MP: 3/6
   340 | D:3      | Identified a +0 halberd
   341 | D:3      | Identified a +0 club
   341 | D:3      | Identified a +0 club
   370 | D:3      | Slain by a gnoll

Table legend:
 A = Turns spent in this place as a percentage of turns spent in the entire game.
 B = Non-inter-level travel turns spent in this place as a percentage of non-inter-level travel turns spent in the entire game.
 C = Inter-level travel turns spent in this place as a percentage of turns spent in this place.
 D = Turns resting spent in this place as a percentage of non-inter-level travel turns spent in this place.
 E = Turns spent auto-exploring this place as a percentage of non-inter-level travel turns spent in this place.
 F = Non-inter-level travel turns spent in this place divided by the number of levels of this place that you've seen.
                   A       B       C       D       E      F
               +-------+-------+-------+-------+-------+----------------------
         Total | 100.0 | 100.0 |   0.0 |   0.0 |  68.6 | 123.3
       Dungeon | 100.0 | 100.0 |   0.0 |   0.0 |  68.6 | 123.3
               +-------+-------+-------+-------+-------+----------------------

Table legend:
 A = Kills in this place as a percentage of kills in entire the game.
 B = Kills by you in this place as a percentage of kills by you in the entire game.
 C = Kills by friends in this place as a percentage of kills by friends in the entire game.
 D = Other kills in this place as a percentage of other kills in the entire game.
 E = Experience gained in this place as a percentage of experience gained in the entire game.
 F = Experience gained in this place divided by the number of levels of this place that you have seen.
                   A       B       C       D       E      F
               +-------+-------+-------+-------+-------+----------------------
         Total | 100.0 | 100.0 |   N/A |   N/A | 100.0 |   8.7
       Dungeon | 100.0 | 100.0 |   N/A |   N/A | 100.0 |   8.7
               +-------+-------+-------+-------+-------+----------------------

Skill      XL: |  1 |
---------------+----+-----
Stealth        | 1 |  1.3
Fighting       | |  2.3
Dodging        | |  3.5
Unarmed Combat | |  2.3
Spellcasting   | |  2.0
Charms         | |  3.6

Action                   || total
-------------------------++-------
Melee: Unarmed           ||    18
       Bite              ||     2
 Cast: Infusion          ||     2
 Stab: Sleeping          ||     1
Dodge: Dodged            ||    10

Vanquished Creatures
  An adder (D:3)
  A bat (D:3)
  2 goblins
  A hobgoblin (D:3)
  A kobold (D:1)
  4 rats
10 creatures vanquished.
